 Dungeon Crawl Stone Soup version 0.29.0-11-gd7f09526c8 (webtiles) character file.

Game seed: 7933467768894518280

2 mortz the Magician (level 1, -2/15 HPs)
             Began as a Djinni Fire Elementalist on Sept 3, 2022.
             Slain by a kobold
             ... wielding a +2 whip of electrocution
              (15 damage)
             ... on level 1 of the Dungeon.
             The game lasted 00:01:33 (193 turns).

mortz the Magician (Djinni Fire Elementalist)        Turns: 193, Time: 00:01:34

Health: -2/15      AC:  2    Str:  7    XL:     1   Next: 44%
Gold:   25         EV: 12    Int: 16    God:
                   SH:  0    Dex: 13

rFire   + + .      SeeInvis .   f - +0 dagger {short}
rCold   x . .      Faith    .   (no shield)
rNeg    . . .      Spirit   .   a - +0 robe
rPois   ∞          Reflect  .   (no helmet)
rElec   .          Harm     .   (no cloak)
rCorr   .          Rampage  .   (no gloves)
Will    .....                   (boots unavailable)
Stlth   ++........              (no amulet)
HPRegen 0.05/turn               (no ring)
MPRegen 0.00/turn               (no ring)

@: flying
A: sickness immunity, fire resistance 2, cold vulnerability 1, float, innate
caster, HP casting, extra vitality 1
a: no special abilities


You were on level 1 of the Dungeon.
You visited 1 branch of the dungeon, and saw 1 of its levels.

You collected 25 gold pieces.


Innate Abilities, Weirdness & Mutations

You are immune to sickness and miasma.
You are immune to poison.
Your flesh is very heat resistant. (rF++)
You are vulnerable to cold. (rC-)
You float through the air rather than walking.
You learn spells naturally, not from books.
Your magical power is your life essence.
You have superior vitality. (+4 MHP)


   Skills:
 + Level 2.2 Dodging
 + Level 1.5 Stealth
 * Level 2.5 Spellcasting


You couldn't memorise any spells.
You knew the following spells:

 Your Spells              Type           Power      Damage    Failure   Level
a - Foxfire               Conj/Fire      40%        2x1d6     7%          1
b - Scorch                Fire           20%        2d6       11%         2
c - Conjure Flame         Conj/Fire      10%        6-21      21%         3
d - Inner Flame           Hex/Fire       10%        N/A       21%         3
e - Flame Wave            Conj/Fire      10%        2d6       56%         4
Your spell library was empty.

Inventory:

Hand Weapons
 e - a +0 mace {mace}
   (You found it on level 1 of the Dungeon)
 f - a +0 dagger (weapon) {short}
   (You took it off a goblin on level 1 of the Dungeon)
 g - a +0 short sword {short}
   (You found it on level 1 of the Dungeon)
Armour
 a - a +0 robe (worn)
Magical Staves
 b - a staff of cold {!astaff}
   (You found it on level 1 of the Dungeon)
Potions
 c - a potion of flight {unknown}
 d - a potion of haste {unknown}

Dungeon Overview and Level Annotations

Branches:
Dungeon (1/15) Zot: 5806

Altars:

# ...####
......v####
##v@..##
#.###.K.##.#
#.......##.#
##.....##.#
#.###...##
#. #.### #.#
#.# #.# #.#
#.# #.#


You could see a kobold (ally target).


Message History

Options error: Bad allow_self_target value: never (should be false, prompt or true) (~/.crawlrc:2) 🤖 Initializing magus.rc ...
Bad channel name for runrest: 'pray:' ✅ Successfully initialized magus.rc [v1.9.6] Welcome, mortz the Djinni Fire Elementalist.
It is said that the Orb of Zot exists deep within this dungeon.
Press ? for a list of commands and other information.
Found four items.
Found a staircase leading out of the dungeon.
You begin with the following spells memorised: Foxfire, Scorch, Conjure Flame, Inner Flame, Flame Wave.
b - a staff of cold {!astaff} You now have 18 gold pieces.
c - a green potion
d - a bubbling emerald potion
Found a stone staircase leading down.
You now have 25 gold pieces (gained 7).
There is a stone staircase leading down here.
e - a +0 mace {mace} A goblin comes into view.
It is wielding a +0 dagger.
You miscast Foxfire.
You are very lightly contaminated with residual magic.
Nothing appears to happen.
The goblin shouts! 😕 HP[-1]
You take 1 damage, and now have 14/15 hp.
You miscast Foxfire.
Nothing appears to happen. 😕 HP[-1]
You take 1 damage, and now have 13/15 hp.
You conjure some foxfire! 😕 HP[-1]
You take 1 damage, and now have 12/15 hp.
The foxfire hits the goblin. x2
You kill the goblin!
f - a +0 dagger {short} You see here a goblin corpse.
f - a +0 dagger (weapon)
{short} Your magical contamination has completely faded away. 😕 HP[+1]
A bat comes into view. 😎 HP[+2]
Your hp is fully restored (15).
The helpless bat fails to defend itself.
You hit the bat.
You kill the bat!
You see here a +0 short sword {short}.
A kobold comes into view.
It is wielding a +2 whip of electrocution.
You see here a +0 short sword {short}.
g - a +0 short sword {short} The kobold shouts!
You conjure some foxfire! 😕 HP[-1]
You take 1 damage, and now have 14/15 hp.
The foxfire hits the kobold.
The foxfire hits the kobold but does no damage.
You conjure some foxfire!
The kobold hits you but does no damage.
You are electrocuted!
Ouch! That really hurt!
You die...

Action                   || total
-------------------------++-------
Melee: Dagger            ||     1
 Cast: Foxfire           ||     3
 Stab: Sleeping          ||     1
Armor: Robe              ||     1

Levels and vault maps discovered:
D:1:      giann_forest_graveyard, layout_loops_ring

Notes
Turn   | Place    | Note
-------+----------+-------------------------------------------
     0 | D:1      | mortz the Djinni Fire Elementalist began the quest for the
                  | Orb.
     0 | D:1      | mortz set off with the following spells memorised: Foxfire,
                  | Scorch, Conjure Flame, Inner Flame, Flame Wave.
     0 | D:1      | Reached XP level 1. HP: 15/15 MP: 0/0
     0 | D:1      | magus.rc [v1.9.6]
   193 | D:1      | Slain by a kobold

Vanquished Creatures
  A bat (D:1)
  A goblin (D:1)
2 creatures vanquished.

Vanquished Creatures (others)
  4 foxfires (D:1)
4 creatures vanquished.

Grand Total: 6 creatures vanquished

Table legend:
 A = Non-vault XP
 B = Vault XP
 C = Vault XP percentage of total XP
 D = Non-vault monster count
 E = Vault monster count
 F = Vault count percentage of total count
                 A         B        C        D         E       F
            +---------+---------+-------+---------+---------+-------
      Total |       4 |       0 |   0.0 |       2 |       0 |   0.0
            +---------+---------+-------+---------+---------+-------
        D:1 |       4 |       0 |   0.0 |       2 |       0 |   0.0
            +---------+---------+-------+---------+---------+-------

Illustrated notes

Table legend:
 A = Kills in this place as a percentage of kills in entire the game.
 B = Kills by you in this place as a percentage of kills by you in the entire game.
 C = Kills by friends in this place as a percentage of kills by friends in the entire game.
 D = Other kills in this place as a percentage of other kills in the entire game.
 E = Experience gained in this place as a percentage of experience gained in the entire game.
 F = Experience gained in this place divided by the number of levels of this place that you have seen.
                   A       B       C       D       E      F
               +-------+-------+-------+-------+-------+----------------------
         Total | 100.0 | 100.0 |   N/A |   N/A | 100.0 |   4.0
       Dungeon | 100.0 | 100.0 |   N/A |   N/A | 100.0 |   4.0
               +-------+-------+-------+-------+-------+----------------------

Table legend: (Time is in decaauts)
 A = Elapsed time spent in this place.
 B = Non-inter-level travel time spent in this place.
 C = Inter-level travel time spent in this place.
 D = Time resting spent in this place.
 E = Time spent auto-exploring this place.
 F = Levels seen in this place.
 G = Mean time per level.
                   A        B        C        D        E       F      G
               +--------+--------+--------+--------+--------+-----+--------+
         Total |    192 |    192 |      0 |      0 |    160 |   1 |  192.0 |
       Dungeon |    192 |    192 |      0 |      0 |    160 |   1 |  192.0 |
               +--------+--------+--------+--------+--------+-----+--------+

Top non-repeatable levels by time:
     D:1: 192 daAuts
